 Dungeon Crawl Stone Soup version 0.30-a0-748-ge6a52f7cba (webtiles) character file.

Game seed: 5406508400686967409

3131 Newt the Skirmisher (level 10, -11/53 HPs)
             Began as a Kobold Hunter on Feb 8, 2023.
             Was a Follower of Hepliaklqana.
             Engulfed by a cloud of flame (20 damage)
             ... on level 8 of the Dungeon.
             The game lasted 00:08:32 (9079 turns).

Newt the Skirmisher (Kobold Hunter)                 Turns: 9079, Time: 00:08:32

Health: -11/53     AC:  7    Str:  8    XL:     10   Next: 14%
Magic:  7/17       EV: 25    Int:  9    God:    Hepliaklqana [*.....]
Gold:   415        SH:  5    Dex: 33    Spells: 15/18 levels left

rFire   . . .      SeeInvis +    a - +1 shortbow (flame)
rCold   . . .      Faith    .    (shield currently unavailable)
rNeg    . . .      Spirit   .    F - +3 leather armour
rPois   .          Reflect  +    (no helmet)
rElec   .          Harm     .    (no cloak)
rCorr   .          Rampage  .    (no gloves)
Will    .....                    G - +0 pair of boots
Stlth   ++++                     I - amulet of reflection
HPRegen 0.28/turn                k - ring of see invisible
MPRegen 0.15/turn                j - +6 ring of dexterity

@: no status effects
A: reduced essence, small, no large weapons, nightstalker 3, agile 1
a: Renounce Religion, Recall Ancestor, Ancestor Identity


You were on level 8 of the Dungeon.
You worshipped Hepliaklqana.
Hepliaklqana was aware of your devotion.
You visited 2 branches of the dungeon, and saw 9 of its levels.
You also visited: Sewer and Ossuary.

You collected 415 gold pieces.

Inventory:

Hand Weapons
 a - a +1 shortbow of flaming (weapon)
Missiles
 w - a throwing net
 y - 2 boomerangs of dispersal
Armour
 c - a +1 leather armour
 F - a +3 leather armour (worn)
 G - a +0 pair of boots (worn)
Jewellery
 j - a +6 ring of dexterity (right hand)
 k - a ring of see invisible (left hand)
 v - an amulet of faith
 A - a ring of positive energy
 I - an amulet of reflection (around neck)
Wands
 z - a wand of flame (27)
 B - a wand of iceblast (3)
 E - a wand of charming (7)
Scrolls
 b - 5 scrolls of immolation
 e - 2 scrolls of vulnerability
 f - 3 scrolls of summoning
 o - 2 scrolls of fog
 s - 5 scrolls of blinking
 u - 3 scrolls of teleportation
 C - a scroll of amnesia
 H - a scroll of identify
Potions
 d - 2 potions of curing
 g - 2 potions of attraction
 h - 3 potions of haste
 i - 3 potions of cancellation
 l - 4 potions of magic
 m - 5 potions of heal wounds
 n - a potion of ambrosia
 p - 2 potions of mutation
 q - a potion of invisibility {unknown}
 r - a potion of might {unknown}
 t - 2 potions of resistance {unknown}
 x - a potion of lignification {unknown}
 D - 6 potions of brilliance {unknown}


   Skills:
 - Level 5.0 Fighting
 - Level 10.0 Ranged Weapons
 - Level 9.0 Dodging
 - Level 1.3 Stealth
 + Level 4.6 Spellcasting
 + Level 4.7 Hexes
 + Level 4.7 Fire Magic


You had 15 spell levels left.
You knew the following spells:

 Your Spells              Type           Power      Damage    Failure   Level
a - Inner Flame           Hex/Fire       10%        N/A       16%         3

Your spell library contained the following spells:

 Spells                   Type           Power      Damage    Failure   Level
 Cause Fear               Hex            5%         N/A       47%         4
 Discord                  Hex            5%         N/A       100%        8


Dungeon Overview and Level Annotations

Branches:
Dungeon (8/15)             Temple (1/1) D:6           Sewer (visited)
Ossuary (visited)
   Lair: D:8-11

Altars:
Ashenzari
Cheibriados
Dithmenos
Gozag
Hepliaklqana
Makhleb
Nemelex Xobeh
Okawaru
Qazlal
Ru
Trog
Uskayaw
Vehumet
Wu Jian
Xom
Yredelemnul
Zin
The Shining One


Innate Abilities, Weirdness & Mutations

Your life essence is reduced to manifest your ancestor. (-10% HP)
You are small and have problems with some larger weapons.
You are completely attuned to the shadows.
You are agile. (Dex +4, Str/Int -1)


Message History

The arrow completely misses the two-headed ogre.
The arrow hits the gnoll bouda!
The arrow burns the gnoll bouda.
The gnoll bouda is severely wounded.
The gnoll bouda barks out a call to the hunt!
The gnoll picks up the pace!
There is an open door here.
Aiming: Inner Flame (dangerous; 16% risk of failure)
Press: ? - help, Q - select action, (/) - cycle Dir - move target, f/p - two-headed ogre
Aim: a two-headed ogre, wielding a +0 giant spiked club and a +0 giant club (lightly wounded, chance to affect: 42%)
The two-headed ogre resists with some effort.
You block the gnoll's attack. The gnoll misses you.
Aiming: Inner Flame (dangerous; 16% risk of failure)
Press: ? - help, Q - select action, (/) - cycle Dir - move target, f - gnoll, p - two-headed ogre
Aim: a gnoll, wielding a +0 flail (covering ground quickly, chance to affect: 68%)
The gnoll is filled with an inner flame.
The gnoll bouda calls upon its god to heal something.
The gnoll completely misses you. The gnoll closely misses you.
You shoot an arrow. The arrow closely misses the gnoll.
The arrow hits the two-headed ogre.
The arrow burns the two-headed ogre.
The two-headed ogre is lightly wounded.
The gnoll closely misses you. The gnoll completely misses you.
You shoot an arrow. The arrow hits the gnoll!
Flame seeps out of the gnoll.
The arrow burns the gnoll.
The gnoll explodes!
The fiery explosion engulfs you!!
Ouch! That really hurt!
The fiery explosion engulfs the two-headed ogre!!
The two-headed ogre is heavily wounded.
The fiery explosion engulfs the gnoll!!
You kill the gnoll!
You are engulfed in blazing flames.
* * * LOW HITPOINT WARNING * * *
The gnoll bouda calls upon its god to heal the gnoll.
The gnoll's wounds heal themselves!
Aiming: Inner Flame (dangerous; 16% risk of failure)
Press: ? - help, Q - select action, (/) - cycle Dir - move target, f - two-headed ogre
Aim: a two-headed ogre, wielding a +0 giant spiked club and a +0 giant club (heavily wounded, chance to affect: 42%)
The two-headed ogre is filled with an inner flame.
You are engulfed in blazing flames.
You die...

#.#.###.###.##
##.#.###.# #.#
.........# #.#
####.#.## ##+##
####.#.# ##...## #
.......###.....######..
##.....##.......##.....
#...#..#........§#§##.
.......'.....>..@○Ogg..
#)..#..#........§#§##..
.......##.......##.# .
......####.....###.#
#.##### ##>..## .#
##+##


You could see a two-headed ogre (inner flame), a gnoll bouda and a gnoll
(swift).

Vanquished Creatures
  2 water moccasins (D:7)
  Duvessa (D:5)
  An ice beast (D:5)
  A sky beast (D:7)
  2 orc warriors (D:7)
  An ogre (D:5)
  2 phantoms
  3 bullfrogs
  A necrophage (D:4)
  4 scorpions
  Dowan (D:5)
  A centaur zombie (Ossuary)
  4 jellies
  2 hounds
  3 orc priests
  5 iguanas
  3 orc wizards
  4 mummies (Ossuary)
  Robin (D:4)
  8 gnolls
  10 adders
  2 river rats (Sewer)
  A shadow imp (D:5)
  A white imp (D:6)
  3 worms
  3 dart slugs
  30 orcs
  8 bats
  10 endoplasms
  6 giant cockroaches
  2 gnoll zombies (Ossuary)
  16 goblins
  10 hobgoblins
  4 quokkas
  10 ball pythons
  2 frilled lizards
  A goblin zombie (Ossuary)
  A hobgoblin zombie (Ossuary)
  17 kobolds
  A kobold zombie (Ossuary)
  An orc zombie (Ossuary)
  6 rats
195 creatures vanquished.

Vanquished Creatures (collateral kills)
  A deep elf pyromancer (D:7)
  An ice beast (D:7)
  3 wights (D:8)
  A human zombie (Ossuary)
  An iguana (D:7)
  2 orcs (D:7)
9 creatures vanquished.

Vanquished Creatures (others)
  A knight (D:8)
1 creature vanquished.

Grand Total: 205 creatures vanquished

Notes
Turn   | Place    | Note
-------+----------+-------------------------------------------
     0 | D:1      | Newt the Kobold Hunter began the quest for the Orb.
     0 | D:1      | Reached XP level 1. HP: 12/12 MP: 1/1
    63 | D:1      | Reached XP level 2. HP: 18/18 MP: 2/2
   605 | D:1      | Found a faded altar of an unknown god.
   897 | D:1      | Reached XP level 3. HP: 23/23 MP: 3/3
  1676 | D:2      | Reached XP level 4. HP: 30/30 MP: 4/4
  1746 | D:2      | You fall into a shaft and drop 2 floors!
  1756 | D:4      | Noticed a necrophage
  1761 | D:4      | Killed a necrophage
  1762 | D:4      | Reached skill level 5 in Fighting
  1762 | D:4      | Reached skill level 6 in Ranged Weapons
  1762 | D:4      | Reached XP level 5. HP: 7/35 MP: 5/5
  2028 | D:4      | Found a bloodstained altar of Trog.
  2040 | D:4      | Reached skill level 7 in Ranged Weapons
  2040 | D:4      | Reached XP level 6. HP: 39/40 MP: 6/6
  2133 | D:4      | Noticed Robin
  2168 | D:4      | Killed Robin
  2365 | D:4      | Reached skill level 8 in Ranged Weapons
  2390 | D:3      | Found a glowing drain.
  2399 | Sewer    | Entered a sewer
  2572 | Sewer    | Reached XP level 7. HP: 44/44 MP: 7/7
  3120 | D:3      | Found a hide-covered altar of Uskayaw.
  3819 | D:2      | Reached skill level 9 in Ranged Weapons
  4471 | D:4      | Found an ornate altar of the Wu Jian Council.
  4785 | D:5      | Entered Level 5 of the Dungeon
  4807 | D:5      | Reached skill level 10 in Ranged Weapons
  4820 | D:5      | Reached XP level 8. HP: 49/49 MP: 8/8
  5096 | D:5      | Reached skill level 5 in Dodging
  5393 | D:5      | Noticed Dowan
  5395 | D:5      | Noticed Duvessa
  5401 | D:5      | Killed Duvessa
  5402 | D:5      | Killed Dowan
  6204 | D:6      | Found a staircase to the Ecumenical Temple.
  6223 | Temple   | Entered the Ecumenical Temple
  6378 | Temple   | Became a worshipper of Hepliaklqana the Forgotten
  6659 | D:6      | Reached XP level 9. HP: 54/54 MP: 9/9
  6795 | D:6      | Reached skill level 1 in Spellcasting
  6795 | D:6      | Reached skill level 1 in Hexes
  6795 | D:6      | Reached skill level 1 in Fire Magic
  6868 | D:6      | Found a shadowy altar of Dithmenos.
  7287 | D:6      | Reached * piety under Hepliaklqana
  7471 | D:7      | Learned a level 3 spell: Inner Flame
  7492 | D:7      | Identified the +3 quarterstaff "Ruusymod" {flame, Will+
                  | Str+5 Dex-5}
  7495 | D:7      | Noticed a deep elf pyromancer
  7502 | D:7      | Killed a deep elf pyromancer
  7786 | D:7      | Found a sand-covered staircase.
  7792 | Ossuary  | Entered an ossuary
  8033 | D:7      | Gained mutation: You are agile. (Dex +4, Str/Int -1)
                  | [potion of mutation]
  8042 | D:7      | Reached XP level 10. HP: 53/53 MP: 16/16
  8161 | D:7      | Reached ** piety under Hepliaklqana
  8162 | D:7      | Remembered your ancestor Manar as a knight
  9068 | D:8      | Noticed a two-headed ogre
  9079 | D:8      | Engulfed by a cloud of flame

Illustrated notes

Levels and vault maps discovered:
D:1:      psy_arrival_terrarium, layout_loops_corners,
          dreamdust_ecumenical_altar_grove, serial_forest,
          infiniplex_forest_clump_double, infiniplex_forest_straight_3,
          infiniplex_forest_lined_room_2, infiniplex_forest_clump_long,
          infiniplex_forest_straight_1, infiniplex_forest_clump_tiny,
          infiniplex_forest_straight_2, hangedman_decor_opposing
D:2:      layout_loops_cross
D:3:      layout_basic, eat_drink_and_be_merry_uskayaw,
          cheibrodos_sewer_entry_drain
D:4:      layout_basic, kennysheep_little_box, kennysheep_mini_moat,
          kennysheep_generic_room_9, uniq_robin
D:5:      layout_basic, uniq_duvessa
D:6:      layout_basic, nicolae_dithmenos_the_darkroom,
          minmay_temple_entry_gardened_gates, grunt_decor_fettered
D:7:      layout_basic, chequers_ossuary_entry_cave, hangedman_decor_growths,
          guppyfry_early_elven_hall
D:8:      layout_loops_corners, kiku_gazebo_garden_becter, lemuel_crystal_altar
Temple:   nicolae_temple_two_arcs

Skill      XL: |  1  2  3  4  5  6  7  8  9 |
---------------+----------------------------+-----
Fighting       | 3 4 5 |  5.0
Ranged Weapons | 6 7 8 10 | 10.0
Dodging        | 4 8 9 |  9.0
Spellcasting   | 4 |  4.6
Hexes          | 4 |  4.7
Fire Magic     | 4 |  4.7
Stealth        | |  1.3

Action                     |  1- 3 |  4- 6 |  7- 9 | 10-12 || total
---------------------------+-------+-------+-------+-------++-------
   Fire: Shortbow          |    48 |   118 |   300 |    30 ||   496
   Cast: Inner Flame       |       |       |       |     3 ||     3
 Invoke: Ancestor Life: Kn |       |       |       |     1 ||     1
    Use: Scroll            |     8 |     3 |     6 |     1 ||    18
         Potion            |       |     1 |     3 |       ||     4
 Armour: Leather armour    |     5 |    11 |    18 |     1 ||    35
  Dodge: Dodged            |     6 |    79 |   100 |    16 ||   201
  Block: Other             |       |       |       |     1 ||     1

Table legend: (Time is in decaauts)
 A = Elapsed time spent in this place.
 B = Non-inter-level travel time spent in this place.
 C = Inter-level travel time spent in this place.
 D = Time resting spent in this place.
 E = Time spent auto-exploring this place.
 F = Levels seen in this place.
 G = Mean time per level.
                   A        B        C        D        E       F      G
               +--------+--------+--------+--------+--------+-----+--------+
         Total |   9193 |   8835 |    358 |    368 |   7279 |  11 |  835.7 |
       Dungeon |   8460 |   8126 |    334 |    368 |   6771 |   8 | 1057.5 |
        Temple |    164 |    140 |     24 |      0 |    129 |   1 |  164.0 |
         Sewer |    357 |    357 |      0 |      0 |    259 |   1 |  357.0 |
       Ossuary |    211 |    211 |      0 |      0 |    120 |   1 |  211.0 |
               +--------+--------+--------+--------+--------+-----+--------+

Top non-repeatable levels by time:
     D:1: 1361 daAuts
     D:5: 1332 daAuts
     D:3: 1154 daAuts
     D:7: 1154 daAuts
     D:6: 1122 daAuts
     D:4: 1098 daAuts
     D:2: 917 daAuts
   Sewer: 357 daAuts
     D:8: 320 daAuts
 Ossuary: 211 daAuts
  Temple: 164 daAuts
